 Dungeon Crawl Stone Soup version 0.31.0-10-gcf4a605ca0 (webtiles) character file.

Game seed: 6178448704059837890

350 Amaterasu the Magician (level 6, -5/47 HPs)
             Began as a Djinni Conjurer on Jan 25, 2024.
             Slain by a mummy (13 damage)
             ... in an ossuary.
             The game lasted 00:06:21 (2978 turns).

Amaterasu the Magician (Djinni Conjurer)            Turns: 2978, Time: 00:06:21

Health: -5/47      AC:  5    Str:  6    XL:     6   Next: 92%
Gold:   190        EV: 12    Int: 21    God:
                   SH:  0    Dex: 12

rFire   + + .        (no weapon)
rCold   x . .        (no shield)
rNeg    . . .        a - +0 robe
rPois   ∞            (no helmet)
rElec   .            (no cloak)
rCorr   .            g - +2 pair of gloves
SInv    .            (boots unavailable)
Will    .....        (no amulet)
Stlth   ++           (no ring)
HPRegen 0.27/turn    (no ring)
MPRegen 0.00/turn

%: infuse magic (-6 HP)
@: flying
A: sickness immunity, fire resistance 2, cold vulnerability 1, float, innate
caster, HP casting, extra vitality 1
a: no special abilities


You were in an ossuary.
You visited 1 branch of the dungeon, and saw 4 of its levels.
You also visited: Ossuary.

You collected 190 gold pieces.

Inventory:

Armour
 a - a +0 robe (worn)
 g - a +2 pair of gloves (worn)
Wands
 n - a wand of paralysis (10)
Scrolls
 j - 2 scrolls of fog
 k - a scroll of blinking {unknown}
 o - 3 scrolls of identify
 p - a scroll of butterflies {unknown}
Potions
 b - a potion of lignification
 c - 2 potions of berserk rage
 d - a potion of attraction {unknown}
 e - a potion of resistance
 h - 2 potions of degeneration
 i - 3 potions of enlightenment {unknown}
 l - 2 potions of might {unknown}
 m - 2 potions of heal wounds {unknown}


   Skills:
 * Level 4.0 Fighting
 - Level 2.1 Dodging
 - Level 1.5 Stealth
 * Level 5.2 Spellcasting
 * Level 5.2 Conjurations
 * Level 5.2 Hexes
 * Level 5.2 Summonings
 * Level 5.2 Necromancy
 * Level 5.2 Translocations
 * Level 5.2 Fire Magic
 * Level 5.2 Ice Magic
 * Level 5.2 Air Magic
 * Level 5.2 Earth Magic
 * Level 5.2 Alchemy


You knew the following spells:

 Your Spells              Type           Power      Damage    Failure   Level
a - Magic Dart            Conj           100%       1d8       1%          1
b - Searing Ray           Conj           54%        2d6       1%          2
c - Fulminant Prism       Conj/Alch      13%        3d8       12%         4
d - Iskenderun's Mystic   Conj/Tloc      27%        2d7       12%         4
e - Sting                 Conj/Alch      100%       1d9       1%          1
f - Mercury Vapours       Alch/Air       54%        N/A       1%          2
Your spell library was empty.

Dungeon Overview and Level Annotations

Branches:
Dungeon (4/15)            Ossuary (1/1)
 Temple: D:4-7

Altars:


Innate Abilities, Weirdness & Mutations

You are immune to sickness and miasma.
You are immune to poison.
Your flesh is very heat resistant. (rF++)
You are vulnerable to cold. (rC-)
You float through the air rather than walking.
You learn spells naturally, not from books.
Your magical power is your life essence.
You have superior vitality. (+4 MHP)


Message History

You feel better. The orc zombie misses you.
The burial acolyte barely misses you.
Casting: Searing Ray (safe; 1% risk of failure)
Confirm with . or Enter, or press ? or * to list all spells.
Aiming: Searing Ray (safe; 1% risk of failure)
Press: ? - help, Shift-Dir - straight line, f/p - burial acolyte
Aim: a burial acolyte, wielding a +0 dagger and wearing a +0 robe (71% to hit)
The searing ray hits the burial acolyte.
The burial acolyte is lightly wounded. (Press . to maintain the ray.)
The orc zombie hits you but does no damage.
The burial acolyte hits you with a +0 dagger.
* * * LOW HITPOINT WARNING * * *
Your magical contamination has completely faded away.
The searing ray hits the burial acolyte.
The burial acolyte is moderately wounded.
* * * LOW HITPOINT WARNING * * *
The burial acolyte hits you with a +0 dagger.
* * * LOW HITPOINT WARNING * * *
The searing ray hits the burial acolyte.
The burial acolyte is severely wounded.
* * * LOW HITPOINT WARNING * * *
The orc zombie misses you.
The burial acolyte hits you but does no damage.
The searing ray hits the burial acolyte.
The burial acolyte is almost dead.
* * * LOW HITPOINT WARNING * * *
You finish channelling your searing ray.
The orc zombie barely misses you. The burial acolyte barely misses you.
Casting: Searing Ray (safe; 1% risk of failure)
Confirm with . or Enter, or press ? or * to list all spells.
Aiming: Searing Ray (safe; 1% risk of failure)
Press: ? - help, Shift-Dir - straight line, f/p - burial acolyte
Aim: a burial acolyte, wielding a +0 dagger and wearing a +0 robe (almost dead, 71% to hit)
The searing ray hits the burial acolyte!
You kill the burial acolyte! (Press . to maintain the ray.)
* * * LOW HITPOINT WARNING * * *
The mummy hits you!
You die...

+....^^...'...#
+....⌠....'.#.# #
+.........'...#.#
#.......###[.#.#
##....^## ##''.#
##+#'## #)###
#...# ##.## ##.##
#M)!# #.∩.# #@Z?#
#.∩.# ##### #####


You could see a mummy and an orc zombie.

Vanquished Creatures
  A phantom (D:4)
  2 burial acolytes (Ossuary)
  A hound (D:3)
  An iguana (D:4)
  An orc wizard (D:4)
  2 mummies (Ossuary)
  2 adders
  A dart slug (D:2)
  10 orcs
  9 ball pythons
  4 bats
  10 endoplasms
  3 giant cockroaches
  13 goblins
  9 hobgoblins
  5 quokkas
  2 frilled lizards
  A gnoll zombie (Ossuary)
  4 kobolds
  A kobold zombie (Ossuary)
  9 rats
91 creatures vanquished.

Notes
Turn   | Place    | Note
-------+----------+-------------------------------------------
     0 | D:1      | Amaterasu the Djinni Conjurer began the quest for the Orb.
     0 | D:1      | Amaterasu set off with the following spells memorised:
                  | Magic Dart, Searing Ray, Fulminant Prism, Iskenderun's
                  | Mystic Blast.
     0 | D:1      | Reached XP level 1. HP: 15/15 MP: 0/0
   106 | D:1      | Reached XP level 2. HP: 22/22 MP: 0/0
   195 | D:1      | Reached skill level 1 in Fighting
   723 | D:2      | Reached XP level 3. HP: 27/27 MP: 0/0
   723 | D:2      | Learned a level 1 spell: Sting
  1188 | D:2      | Found a faded altar of an unknown god.
  1192 | D:2      | Reached XP level 4. HP: 31/33 MP: 0/0
  2138 | D:3      | Reached XP level 5. HP: 24/39 MP: 0/0
  2138 | D:3      | Learned a level 2 spell: Mercury Vapours
  2621 | D:4      | Reached XP level 6. HP: 24/46 MP: 0/0
  2771 | D:4      | Reached skill level 5 in Spellcasting
  2771 | D:4      | Reached skill level 5 in Conjurations
  2771 | D:4      | Reached skill level 5 in Hexes
  2771 | D:4      | Reached skill level 5 in Summonings
  2771 | D:4      | Reached skill level 5 in Necromancy
  2771 | D:4      | Reached skill level 5 in Translocations
  2771 | D:4      | Reached skill level 5 in Fire Magic
  2771 | D:4      | Reached skill level 5 in Ice Magic
  2771 | D:4      | Reached skill level 5 in Air Magic
  2771 | D:4      | Reached skill level 5 in Earth Magic
  2771 | D:4      | Reached skill level 5 in Alchemy
  2909 | D:4      | Found a sand-covered staircase.
  2919 | Ossuary  | Entered an ossuary
  2978 | Ossuary  | Slain by a mummy

Illustrated notes

Levels and vault maps discovered:
D:1:      dpeg_arrival_rooms_with_view, layout_loops_ring,
          chequers_serial_rivers_micro_b
D:2:      layout_basic, hellmonk_ecumenical_altar_slurped_away
D:3:      layout_basic, minmay_goblin_outpost
D:4:      layout_rooms, mainiacjoe_ossuary_entry_dusty_tomb
Ossuary:  ossuary_crypta

Skill      XL: |  1  2  3  4  5  6 |
---------------+-------------------+-----
Fighting       | 1 2 3 4 |  4.0
Spellcasting   | 4 5 |  5.2
Conjurations   | 4 5 |  5.2
Hexes          | 4 5 |  5.2
Summonings     | 4 5 |  5.2
Necromancy     | 4 5 |  5.2
Translocations | 4 5 |  5.2
Fire Magic     | 4 5 |  5.2
Ice Magic      | 4 5 |  5.2
Air Magic      | 4 5 |  5.2
Earth Magic    | 4 5 |  5.2
Alchemy        | 4 5 |  5.2
Dodging        | |  2.1
Stealth        | |  1.5

Action                     |  1- 3 |  4- 6 || total
---------------------------+-------+-------++-------
   Cast: Magic Dart        |    62 |   113 ||   175
         Mercury Vapours   |       |     3 ||     3
         Searing Ray       |       |     9 ||     9
         Iskenderun's Myst |       |     1 ||     1
    Use: Scroll            |     6 |     4 ||    10
         Potion            |       |     1 ||     1
 Armour: Robe              |     5 |    33 ||    38
  Dodge: Dodged            |     4 |    20 ||    24
